 Dungeon Crawl Stone Soup version 0.25.0-3-gd7cc5688da (webtiles) character file.

Game seed: 8523370344045159462

13156 lepoulpe303 the Cleaver (level 11, -21/148 HPs)
             Began as a Deep Dwarf Monk on June 15, 2020.
             Was a High Priest of Makhleb.
             Demolished by Donald
             ... wielding a +1 broad axe of venom
              (23 damage)
             ... on level 2 of the Orcish Mines.
             The game lasted 00:57:39 (9191 turns).

lepoulpe303 the Cleaver (Deep Dwarf Monk)           Turns: 9191, Time: 00:57:40

Health: -21/148    AC: 15    Str: 17    XL:     11   Next: 71%
Magic:  7/8        EV:  9    Int: 12    God:    Makhleb [*****.]
Gold:   713        SH:  0    Dex: 15    Spells: 10/10 levels left

rFire    . . .     SeeInvis +   a - +2 war axe (vorpal)
rCold    . . .     Gourm    .   (no shield)
rNeg     . . .     Faith    .   y - +0 plate armour
rPois    .         Spirit   .   D - +0 helmet
rElec    .         Reflect  .   P - scarf {+Inv}
rCorr    .         Harm     .   (no gloves)
MR       +....                  x - +0 pair of boots
Stlth    ..........             (no amulet)
HPRegen  0.00/turn              S - ring of see invisible
MPRegen  0.11/turn              (no ring)

@: berserking, lethally poisoned (-21 -> -26), marked, very slightly
contaminated, non-regenerating, invisible, very quick
A: damage resistance, heal wounds, sense surroundings 2, no regeneration
a: Heal Wounds, Minor Destruction, Lesser Servant of Makhleb, Major Destruction,
Greater Servant of Makhleb, Renounce Religion


You were on level 2 of the Orcish Mines.
You worshipped Makhleb.
Makhleb was extremely pleased with you.
You were not hungry.

You visited 3 branches of the dungeon, and saw 12 of its levels.
You visited the Abyss 1 time.
You also visited: Ossuary.

You collected 888 gold pieces.
You spent 175 gold pieces at shops.

Inventory:

Hand Weapons
 a - a +2 vorpal war axe (weapon)
 b - a +0 hunting sling
 c - the +6 whip "Pamir" {vorpal, +Rage}
   (You found it on level 4 of the Dungeon)

   It inflicts extra damage upon your enemies.
   It lets you go berserk.
 L - a +0 war axe
Missiles
 g - 49 poisoned darts (quivered)
 m - 3 curare-tipped darts
 F - 4 atropa-tipped darts
 M - 67 sling bullets
 N - 7 silver boomerangs
 X - 4 javelins
Armour
 f - a +0 leather armour of cold resistance {rC+}
 x - a +0 pair of boots (worn)
 y - a +0 plate armour (worn)
 D - a +0 helmet (worn)
 P - a scarf of invisibility (worn)
Jewellery
 E - an uncursed amulet of magic regeneration
 H - an uncursed amulet of faith {Faith, !P}
 S - a ring of see invisible (left hand)
 U - an uncursed ring of ice {rC+, rF-}
 W - an uncursed ring of wizardry {Wiz+}
Wands
 I - a wand of paralysis (2)
 O - a wand of acid (8)
 Q - a wand of clouds (6)
Scrolls
 d - 4 scrolls of amnesia
 h - 2 scrolls of fog {unknown}
 i - 5 scrolls of identify
 j - a scroll of noise {unknown}
 n - a scroll of holy word {unknown}
 o - a scroll of magic mapping {unknown}
 t - 6 scrolls of teleportation
 w - 10 scrolls of remove curse
 B - 2 scrolls of blinking {!r}
 J - 5 scrolls of enchant weapon {unknown}
 V - a scroll of enchant armour {unknown}
Potions
 k - 3 potions of flight
 l - 2 potions of heal wounds
 p - a potion of magic {unknown}
 q - a potion of curing
 s - 4 potions of lignification {!q}
 u - a potion of stabbing {unknown}
 v - a potion of haste {unknown}
 z - a potion of berserk rage {!q}
 A - 3 potions of invisibility
 C - a potion of ambrosia
 G - a potion of brilliance
 K - a potion of mutation {unknown}
 R - a potion of cancellation {unknown}
 T - a potion of resistance {unknown}
Comestibles
 e - 9 rations
 r - 10 chunks of flesh


   Skills:
 + Level 6.7 Fighting
 * Level 10.9 Axes
 * Level 0.9 Slings
 + Level 7.3 Armour
 + Level 8.0 Dodging
 + Level 9.1 Stealth
 * Level 9.9 Invocations
 * Level 7.1 Evocations


You had 10 spell levels left.
You didn't know any spells.
Your spell library contained the following spells:

 Spells                   Type           Power        Failure   Level  Hunger
 Beastly Appendage        Tmut           #.....       100%        1    ##.....
 Corona                   Hex            #......      100%        1    ##.....
 Magic Dart               Conj           #...         100%        1    ##.....
 Ensorcelled Hibernation  Hex/Ice        #.....       100%        2    ###....
 Searing Ray              Conj           #.....       100%        2    ###....
 Sticks to Snakes         Tmut           #.......     100%        2    ###....
 Confusing Touch          Hex            #.......     100%        3    ####...
 Dazzling Flash           Conj/Hex       #.....       100%        3    ####...
 Spider Form              Tmut/Pois      #.........   100%        3    ####...
 Tukima's Dance           Hex            #.......     100%        3    ####...
 Fulminant Prism          Conj/Hex       #.........   100%        4    #####..
 Ice Form                 Ice/Tmut       #.......     100%        4    #####..
 Iskenderun's Mystic Bla  Conj/Tloc      #.......     100%        4    #####..
 Blade Hands              Tmut           #.........   100%        5    ######.


Dungeon Overview and Level Annotations

Branches:
Dungeon (10/15)            Temple (1/1) D:5            Lair (0/6) D:10
    Orc (2/2) D:9         Ossuary (visited)
    Elf: Orc:2

Altars:
Ashenzari
Dithmenos
Fedhas
Makhleb
Nemelex Xobeh
Okawaru
Qazlal
Ru
Sif Muna
Uskayaw
Wu Jian
Yredelemnul
Zin
The Shining One

Shops:
D:6 *

Annotations:
D:4 2 transporters
Orc:2 Donald


Innate Abilities, Weirdness & Mutations

You are resistant to damage.
You can heal yourself by infusing magical energy.
You passively map the area around you.
You do not regenerate.


Message History

You take 19 damage, and have 47/148 hp.
You strike the helpless Donald from behind!
You slash Donald! You slash the orc priest!
You kill the orc priest!
You feel better.
You feel sick.
Donald hits you with a +1 broad axe of venom!!
* * * LOW HITPOINT WARNING * * *
You take 18 damage, and have 29/148 hp.
Donald blocks your attack.
You strike the helpless Donald from behind!
You slash Donald! You barely miss the ogre.
You feel sick.
Donald hits you with a +1 broad axe of venom!!
* * * LOW HITPOINT WARNING * * *
A cyclops comes into view.
You take 26 damage, and have 3/148 hp.
You slice Donald!! You completely miss the ogre.
* * * LOW HITPOINT WARNING * * *
You feel sick. The ogre closely misses you.
Donald hits you with a +1 broad axe of venom!!
You die...

#*#,* ,, #..$, ### ,
.....####.## ######
*#.......(...@@...# ###.#..##
#......((...O...#####.......##
*
..........o.....#.##....#....#
.........#.....#.......#....##
**
#.....C..o......#..#....#.#.##
#......##...................# ,
..#.....#...........#.......##
,....................#.......##
,............................#.


You could see Donald (fast, strong), a cyclops, an ogre and 2 orc wizards.

Levels and vault maps discovered:
D:1:      tarquinn_simple_flora_water_c, layout_loops_ring
D:2:      layout_loops_corners, lemuel_doored_altar, serial_co_window_serial,
          co_window_paths_a, co_window_paths_a, co_window_corner_a,
          co_window_corner_a, co_window_paths_b, co_window_cross_4,
          co_window_corner_cb, co_window_2corner, co_window_broadway_c,
          co_window_corner_cb, co_window_corner_cb, co_window_of_opportunity_c,
          glass_columns_a, glass_columns_a, glass_columns_b, glass_columns_b,
          minmay_crystal_room, minmay_misc_feat_cross
D:4:      gammafunk_wand_slinger, layout_basic, nicolae_ossuary_entry_giza,
          ashenzari_altar_1, uniq_blork_the_orc
D:5:      kennysheep_kobold_camp, layout_cave_pools, minmay_temple_entry_wispy
D:6:      layout_loops_ring, nemelex_xobeh_ov_fountains_minmay,
          amethyst_overflow_temple_binary, serial_shops, shop,
          minmay_misc_feat_x
D:7:      layout_rooms, the_bakery, serial_bayou_lake_a, uniq_joseph
D:8:      layout_cave_pods, kennysheep_mini_moat
D:9:      layout_irregular_city, orc_0_dummy
D:10:     layout_loops_ring, erik_lair_island, minmay_fractal_squares_gapless_7
Temple:   regret_index_temple_waves
Orc:1:    layout_caves, serial_shops, shop, basic_altar, minmay_orc_temple_b,
          uniq_sonja
Orc:2:    pf_orc_diabolical, layout_caves, uniq_donald, uniq_erolcha

Notes
Turn   | Place    | Note
-------+----------+-------------------------------------------
     0 | D:1      | lepoulpe303 the Deep Dwarf Monk began the quest for the
                  | Orb.
     0 | D:1      | Reached XP level 1. HP: 20/20 MP: 1/1
    17 | D:1      | Identified a +0 dagger
    30 | D:1      | Identified a +3 whip
   101 | D:1      | Identified a +0 club
   127 | D:1      | Reached XP level 2. HP: 14/27 MP: 2/2
   297 | D:1      | Identified a +0 pair of boots (You found it on level 1 of
                  | the Dungeon)
   310 | D:1      | Identified a +0 club
   310 | D:1      | Identified a +0 short sword
   315 | D:1      | Identified a +0 dagger
   366 | D:1      | Reached skill level 1 in Armour
   528 | D:1      | Reached XP level 3. HP: 27/33 MP: 3/3
   584 | D:1      | Identified a +0 dagger
   818 | D:2      | Reached skill level 3 in Stealth
   915 | D:2      | You fall into a shaft and drop 2 floors!
   928 | D:4      | Identified a +0 dagger
   928 | D:4      | Identified a cursed +0 robe
   928 | D:4      | Identified a cursed -3 short sword
   929 | D:4      | Identified a +0 flail
   929 | D:4      | Identified a +0 leather armour
   932 | D:4      | Reached skill level 3 in Fighting
   933 | D:4      | Identified a +0 dagger
   933 | D:4      | Identified a +0 robe
   953 | D:4      | Identified a +0 war axe
   969 | D:4      | Reached skill level 4 in Axes
   969 | D:4      | Reached XP level 4. HP: 20/42 MP: 4/4
  1032 | D:4      | Found a shattered altar of Ashenzari.
  1033 | D:4      | Identified 2 scrolls of identify
  1033 | D:4      | Identified a ring of see invisible (You found it on level 1
                  | of the Dungeon)
  1038 | D:4      | Noticed a phantom
  1064 | D:4      | Killed a phantom
  1064 | D:4      | Reached skill level 2 in Armour
  1064 | D:4      | Reached skill level 4 in Dodging
  1064 | D:4      | Reached XP level 5. HP: 49/49 MP: 4/4
  1102 | D:4      | Found a sand-covered staircase.
  1110 | Ossuary  | Entered an ossuary
  1150 | Ossuary  | Reached skill level 5 in Axes
  1154 | Ossuary  | Reached skill level 4 in Stealth
  1162 | Ossuary  | Reached XP level 6. HP: 46/56 MP: 5/5
  1309 | Ossuary  | HP: 13/57 [bog mummy/puff of frost (5)]
  1327 | Ossuary  | Reached skill level 3 in Armour
  1327 | Ossuary  | Reached XP level 7. HP: 23/63 MP: 5/5
  1403 | Ossuary  | HP: 13/63 [mummy (10)]
  1426 | Ossuary  | HP: 11/63 [mummy (11)]
  1427 | Ossuary  | Reached skill level 6 in Axes
  1433 | Ossuary  | HP: 7/63 [worker ant zombie (2)]
  1593 | Ossuary  | Identified 6 scrolls of teleportation
  1694 | D:4      | Found a transporter.
  1695 | D:4      | Identified a +0 club
  1695 | D:4      | Identified a +0 trident
  1695 | D:4      | Identified a +0 scale mail
  1710 | D:4      | Found a transporter.
  1741 | D:4      | Got a crude whip
  1742 | D:4      | Identified the +6 whip "Pamir" {vorpal, +Rage} (You found
                  | it on level 4 of the Dungeon)
  1758 | D:4      | Identified a +0 mace
  1759 | D:4      | Identified a +0 club
  1761 | D:4      | Identified a +0 dagger
  1761 | D:4      | Identified a +0 robe
  1771 | D:4      | HP: 15/63 [orc wizard/magic dart (3)]
  1772 | D:4      | Reached skill level 4 in Fighting
  1775 | D:4      | Identified a +0 dagger
  1775 | D:4      | Identified a +0 leather armour
  2020 | D:4      | Identified a +0 leather armour of cold resistance
  2020 | D:4      | Identified a +0 flail
  2020 | D:4      | Identified a +0 leather armour
  2021 | D:4      | Identified a +0 hand axe
  2021 | D:4      | Identified a +0 leather armour
  2033 | D:4      | Reached skill level 5 in Stealth
  2066 | D:4      | Identified a +2 vorpal war axe
  2066 | D:4      | Identified a +0 robe
  2066 | D:4      | Noticed Blork the orc
  2086 | D:4      | Killed Blork the orc
  2086 | D:4      | Reached skill level 5 in Dodging
  2413 | D:5      | Entered Level 5 of the Dungeon
  2414 | D:5      | Identified a +0 hand axe
  2414 | D:5      | Identified a +0 scale mail
  2415 | D:5      | Identified a +0 dagger
  2415 | D:5      | Identified a +0 chain mail
  2415 | D:5      | Identified a +0 dagger
  2415 | D:5      | Identified a +0 robe
  2419 | D:5      | Identified a +0 dagger
  2419 | D:5      | Identified a +0 robe
  2479 | D:5      | Reached XP level 8. HP: 26/72 MP: 6/6
  2530 | D:5      | Identified a +0 dagger
  2530 | D:5      | Identified a +0 short sword
  2531 | D:5      | Identified a +0 dagger
  2532 | D:5      | Identified a +0 club
  2533 | D:5      | Identified a +0 whip
  2533 | D:5      | Identified a +0 whip
  2533 | D:5      | Identified a +0 whip
  2536 | D:5      | Identified a +0 whip
  2543 | D:5      | Identified a +0 short sword
  2672 | D:5      | Found a staircase to the Ecumenical Temple.
  2677 | D:5      | Reached skill level 7 in Axes
  2685 | D:5      | Reached skill level 4 in Armour
  2688 | Temple   | Entered the Ecumenical Temple
  2731 | Temple   | Became a worshipper of Makhleb the Destroyer
  2731 | Temple   | Reached * piety under Makhleb
  2731 | Temple   | Reached ** piety under Makhleb
  2778 | D:5      | Identified 5 scrolls of remove curse
  2856 | D:5      | Identified a +0 club
  2856 | D:5      | Identified a +0 ring mail
  2856 | D:5      | Identified a +0 hand axe
  2856 | D:5      | Identified a +0 giant club
  2865 | D:5      | Identified a +0 dagger of venom
  2865 | D:5      | Identified a +0 robe
  2868 | D:5      | Reached skill level 1 in Invocations
  2871 | D:5      | Identified a +0 shortbow
  2880 | D:5      | Reached skill level 6 in Stealth
  2880 | D:5      | Reached skill level 2 in Invocations
  3326 | D:5      | Identified 4 scrolls of amnesia
  3327 | D:5      | Identified 3 scrolls of blinking
  3343 | D:5      | Identified a +0 helmet (You found it on level 5 of the
                  | Dungeon)
  3345 | D:5      | Identified an amulet of magic regeneration (You found it on
                  | level 5 of the Dungeon)
  3406 | D:6      | Identified a +0 club
  3408 | D:6      | Identified a +0 long sword
  3408 | D:6      | Identified a +0 plate armour
  3418 | D:6      | Identified a +0 dagger
  3418 | D:6      | Identified a cursed +0 robe
  3421 | D:6      | Identified a +0 flail
  3425 | D:6      | Reached skill level 3 in Invocations
  3432 | D:6      | Identified a +0 leather armour
  3495 | D:6      | Identified a ring of wizardry (You found it on level 6 of
                  | the Dungeon)
  3602 | D:6      | Identified a +0 mace
  3602 | D:6      | Identified a +0 hand axe
  3603 | D:6      | Identified a +0 dagger
  3603 | D:6      | Identified a +0 robe
  3609 | D:6      | Reached skill level 8 in Axes
  3614 | D:6      | Gained mutation: You passively map the area around you.
                  | [Deep Dwarf growth]
  3614 | D:6      | Reached XP level 9. HP: 67/80 MP: 9/9
  3625 | D:6      | Identified a +0 shortbow
  3635 | D:6      | Reached skill level 5 in Fighting
  3635 | D:6      | Reached skill level 6 in Dodging
  3650 | D:6      | Identified a +0 falchion
  3650 | D:6      | Identified a +0 leather armour
  3650 | D:6      | Identified a +0 hand axe
  3650 | D:6      | Identified a +0 flail
  3650 | D:6      | Identified a +0 hand axe
  3652 | D:6      | Identified a +0 dagger of venom
  3652 | D:6      | Identified a +2 robe of positive energy
  3652 | D:6      | Identified a +0 mace
  3652 | D:6      | Identified a +0 leather armour
  3653 | D:6      | Identified a +0 dagger
  3653 | D:6      | Identified a +0 robe
  3663 | D:6      | Reached skill level 4 in Invocations
  3725 | D:6      | Found a shadowy altar of Dithmenos.
  3732 | D:6      | Found a glowing golden altar of the Shining One.
  3839 | D:6      | Reached *** piety under Makhleb
  3839 | D:6      | Reached skill level 5 in Armour
  3875 | D:6      | Found a sparkling altar of Nemelex Xobeh.
  3962 | D:6      | Found Umoerch's Assorted Antiques.
  3970 | D:6      | Bought a glowing filigree amulet for 125 gold pieces
  3970 | D:6      | Bought a scroll of identify for 50 gold pieces
  4338 | D:7      | Identified a +0 flail
  4338 | D:7      | Identified a +0 scale mail
  4362 | D:7      | Identified a +0 dagger
  4362 | D:7      | Identified a +0 chain mail
  4363 | D:7      | Identified a +0 dagger
  4363 | D:7      | Identified a +0 robe
  4365 | D:7      | Identified a +0 dagger
  4365 | D:7      | Identified a +0 robe
  4365 | D:7      | Identified a +0 trident
  4367 | D:7      | Identified a +0 flail
  4379 | D:7      | Identified a +0 giant club
  4385 | D:7      | HP: 8/81 [ogre/+0 giant club (21)]
  4389 | D:7      | Reached skill level 5 in Invocations
  4425 | D:7      | Identified a +0 club
  4425 | D:7      | Identified a cursed +0 scale mail
  4435 | D:7      | Identified a +0 war axe
  4435 | D:7      | Identified a +0 leather armour
  4435 | D:7      | Identified a +0 trident
  4435 | D:7      | Identified a +0 plate armour
  4445 | D:7      | HP: 14/81 [orc priest/divine providence (11)]
  4458 | D:7      | Reached skill level 7 in Stealth
  4579 | D:7      | Identified a +2 quarterstaff of protection
  4579 | D:7      | Identified a +0 hunting sling
  4579 | D:7      | Identified a +0 ring mail
  4579 | D:7      | Noticed Joseph
  4579 | D:7      | Identified a +0 leather armour
  4602 | D:7      | Killed Joseph
  4602 | D:7      | Reached skill level 6 in Invocations
  4666 | D:7      | HP: 19/81 [electric eel/bolt of electricity (6)]
  4669 | D:7      | HP: 8/81 [electric eel/bolt of electricity (11)]
  4723 | D:7      | Identified a +0 dagger
  4723 | D:7      | Identified a +0 robe
  4731 | D:7      | HP: 17/81 [spriggan baker/+0 dagger (5)]
  4733 | D:7      | Reached skill level 9 in Axes
  4778 | D:7      | Identified a +0 ring mail
  4790 | D:7      | Identified a +0 hand axe
  4790 | D:7      | Identified a +0 plate armour
  4791 | D:7      | Identified a +0 dagger
  4791 | D:7      | Identified a +0 leather armour
  4792 | D:7      | Identified a +0 dagger
  4792 | D:7      | Identified a +0 robe
  4846 | D:7      | HP: 14/81 [electric eel/bolt of electricity (8)]
  5009 | D:8      | Identified a +4 dagger
  5009 | D:8      | Identified a +0 robe
  5009 | D:8      | Identified a +0 club
  5009 | D:8      | Identified a +0 leather armour
  5009 | D:8      | Identified a +0 hand axe
  5009 | D:8      | Identified a +0 scale mail
  5055 | D:8      | Identified a +0 halberd
  5055 | D:8      | Identified a +0 plate armour
  5055 | D:8      | Identified a +0 dagger
  5055 | D:8      | Identified a +0 robe
  5064 | D:8      | Identified a +0 flail
  5110 | D:8      | Identified a +1 glaive of distortion
  5110 | D:8      | Identified a +0 plate armour
  5110 | D:8      | Identified a +0 club
  5110 | D:8      | Identified a +0 whip
  5122 | D:8      | HP: 19/81 [orc warrior/+1 glaive of distortion (5)]
  5122 | D:8      | HP: 9/81 [orc warrior/+1 glaive of distortion (10)]
  5124 | D:8      | Cast into level 1 of the Abyss (orc warrior)
  5143 | Abyss:1  | Identified a scarf of invisibility (You found it on level 1
                  | of the Abyss)
  5179 | Abyss:1  | Noticed a tentacled starspawn
  5200 | Abyss:1  | Noticed a great orb of eyes
  5201 | Abyss:1  | Noticed an ancient zyme
  5201 | Abyss:1  | Paralysed by a great orb of eyes for 5 turns
  5204 | Abyss:1  | HP: 17/81 [great orb of eyes (5)]
  5210 | Abyss:1  | HP: 3/81 [ancient zyme (6)]
  5215 | Abyss:1  | HP: 1/81 [great orb of eyes (2)]
  5219 | Abyss:1  | Identified 3 potions of lignification
  5220 | Abyss:1  | Identified 3 potions of berserk rage
  5224 | Abyss:1  | Identified 3 potions of curing
  5229 | Abyss:1  | Noticed a freezing wraith
  5236 | Abyss:1  | Noticed a wretched star
  5315 | Abyss:2  | Noticed a starcursed mass
  5321 | Abyss:2  | Noticed a thrashing horror
  5322 | Abyss:2  | Noticed a large abomination
  5328 | Abyss:2  | Noticed a wretched star
  5331 | Abyss:2  | HP: 16/64 [starcursed mass/accursed screaming (9)]
  5334 | Abyss:2  | HP: 6/56 [starcursed mass/accursed screaming (6)]
  5357 | Abyss:2  | Noticed an ancient zyme
  5363 | Abyss:2  | Identified a +0 dagger
  5363 | Abyss:2  | Identified a +0 robe
  5363 | Abyss:2  | Noticed a wizard
  5365 | D:8      | Escaped the Abyss
  5372 | D:8      | Reached XP level 10. HP: 59/63 MP: 6/6
  5473 | D:8      | Reached skill level 1 in Evocations
  5571 | D:8      | Identified a +0 shortbow
  5707 | D:8      | Reached **** piety under Makhleb
  5763 | D:8      | Reached skill level 7 in Invocations
  5763 | D:8      | Reached skill level 2 in Evocations
  5765 | D:8      | Reached skill level 6 in Armour
  5801 | D:8      | Found a hide-covered altar of Uskayaw.
  5815 | D:8      | Identified a +0 club
  5815 | D:8      | Identified a +0 flail
  5816 | D:8      | Identified a +0 mace
  5816 | D:8      | Identified a +0 leather armour
  5818 | D:8      | Identified a +0 trident
  6010 | D:8      | Identified a +0 mace
  6011 | D:8      | Identified a +1 flail of protection
  6011 | D:8      | Identified a +0 leather armour
  6013 | D:8      | Identified a +2 dagger of venom
  6013 | D:8      | Identified a +0 robe
  6013 | D:8      | Identified a +0 dagger
  6013 | D:8      | Identified a +0 robe
  6114 | D:9      | Found a staircase to the Orcish Mines.
  6124 | D:9      | Identified a +0 giant club
  6130 | D:9      | Reached skill level 7 in Dodging
  6134 | D:9      | Identified a +0 shortbow
  6143 | D:9      | Reached skill level 3 in Evocations
  6345 | D:9      | Identified a +0 club
  6345 | D:9      | Identified a +0 leather armour
  6346 | D:9      | Identified a +0 dagger of electrocution
  6346 | D:9      | Identified a +0 robe
  6346 | D:9      | Identified a cursed -2 mace
  6346 | D:9      | Identified a +0 scale mail
  6346 | D:9      | Identified a +2 hand axe of venom
  6346 | D:9      | Identified a cursed +0 chain mail
  6394 | D:9      | Identified a +0 flail
  6394 | D:9      | Identified a +0 hand axe
  6395 | D:9      | Identified a +0 dagger
  6395 | D:9      | Identified a +0 robe
  6405 | D:9      | HP: 14/63 [poisoned by an orc warrior]
  6409 | D:9      | HP: 1/63 [orc warrior/+2 hand axe of venom (6)]
  6414 | D:9      | HP: 13/63 [poisoned by an orc warrior]
  6418 | D:9      | HP: 5/63 [poisoned by an orc warrior]
  6419 | D:9      | HP: 2/63 [poisoned by an orc warrior]
  6500 | D:9      | Identified a +0 dagger
  6502 | D:9      | Identified a +0 whip
  6502 | D:9      | Identified a +0 spear
  6503 | D:9      | Identified a +0 whip
  6688 | D:9      | Reached ***** piety under Makhleb
  6825 | D:10     | Entered Level 10 of the Dungeon
  6848 | D:10     | Noticed a cyclops
  6855 | D:10     | Identified a cursed -3 mace
  6855 | D:10     | Identified a +0 flail
  6855 | D:10     | Identified a +0 leather armour
  6855 | D:10     | Identified a +0 whip
  6855 | D:10     | Identified a +0 ring mail
  6857 | D:10     | Identified a +0 shortbow of flaming
  6857 | D:10     | Noticed a centaur warrior
  6859 | D:10     | Noticed a manticore
  6865 | D:10     | HP: 11/63 [cyclops (6)]
  6866 | D:10     | Killed a cyclops
  6866 | D:10     | Reached skill level 6 in Fighting
  6866 | D:10     | Reached skill level 8 in Stealth
  6866 | D:10     | Reached skill level 4 in Evocations
  6876 | D:10     | Reached skill level 8 in Invocations
  6878 | D:10     | HP: 17/72 [centaur warrior (4)]
  6883 | D:10     | HP: 9/72 [centaur warrior (1)]
  6891 | D:10     | Killed a centaur warrior
  6891 | D:10     | Reached skill level 10 in Axes
  6905 | D:10     | HP: 25/121 [manticore (8)]
  6907 | D:10     | Killed a manticore
  6907 | D:10     | Reached skill level 5 in Evocations
  6998 | D:10     | Identified a +0 whip
  6999 | D:10     | Identified a +0 short sword
  7004 | D:10     | Identified a ring of attention (You found it on level 10 of
                  | the Dungeon)
  7008 | D:10     | Identified a ring of ice (You found it on level 9 of the
                  | Dungeon)
  7017 | D:10     | Identified 2 potions of heal wounds
  7018 | D:10     | Identified a potion of brilliance
  7019 | D:10     | Identified 2 potions of flight
  7020 | D:10     | Identified a potion of ambrosia
  7039 | D:10     | Identified a cursed +0 scale mail (You found it on level 10
                  | of the Dungeon)
  7173 | D:10     | Identified a +0 dagger
  7173 | D:10     | Identified a +0 robe
  7181 | D:10     | Identified a +0 club
  7181 | D:10     | Identified a +0 ring mail
  7192 | D:10     | Reached XP level 11. HP: 59/87 MP: 11/11
  7198 | D:10     | Identified a +0 dagger
  7198 | D:10     | Identified a +0 robe
  7219 | D:10     | Identified a +0 hand axe
  7219 | D:10     | Identified a +0 leather armour
  7238 | D:10     | Identified a +5 short sword
  7238 | D:10     | Identified a +0 robe
  7238 | D:10     | Identified a +0 spear
  7238 | D:10     | Identified a +0 robe
  7240 | D:10     | Identified a +0 spear
  7240 | D:10     | Identified a +0 robe
  7246 | D:10     | Identified a +3 halberd of freezing
  7246 | D:10     | Identified a +0 robe
  7246 | D:10     | Identified a +2 dire flail
  7246 | D:10     | Identified a +0 robe
  7366 | D:10     | Found a staircase to the Lair.
  7392 | D:10     | Reached skill level 9 in Invocations
  7444 | D:10     | Upgraded the game from 0.25.0-1-g7eea58d2a3 to
                  | 0.25.0-3-gd7cc5688da
  7458 | D:10     | Identified a +0 flail
  7477 | D:10     | Reached skill level 6 in Evocations
  7552 | D:10     | Identified a +0 mace of protection
  7552 | D:10     | Identified a +0 leather armour
  7553 | D:10     | Noticed a cyan ugly thing
  7566 | D:10     | HP: 14/99 [cyan ugly thing (14)]
  7569 | D:10     | Killed a cyan ugly thing
  7717 | D:10     | Reached skill level 7 in Armour
  8076 | Orc:1    | Entered Level 1 of the Orcish Mines
  8081 | Orc:1    | Identified a +0 battleaxe
  8081 | Orc:1    | Identified a +0 chain mail
  8081 | Orc:1    | Noticed an orc knight
  8082 | Orc:1    | Identified a cursed -2 giant club
  8097 | Orc:1    | Identified a cursed -3 hand axe
  8097 | Orc:1    | Identified a +0 ring mail
  8099 | Orc:1    | Identified a +0 ring mail
  8101 | Orc:1    | Identified a +0 dagger
  8101 | Orc:1    | Identified a +0 robe
  8101 | Orc:1    | Noticed an orc sorcerer
  8102 | Orc:1    | Identified a +0 giant spiked club
  8102 | Orc:1    | HP: 18/99 [orc knight/+0 battleaxe (8)]
  8102 | Orc:1    | Identified a cursed -2 long sword
  8102 | Orc:1    | Identified a +0 chain mail
  8110 | D:9      | HP: 21/99 [orc knight/+0 battleaxe (9)]
  8114 | D:9      | HP: 5/99 [orc knight/+0 battleaxe (9)]
  8115 | D:9      | Killed an orc knight
  8141 | Orc:1    | HP: 22/99 [hellwing[an orc knight] (3)]
  8144 | Orc:1    | Killed an orc sorcerer
  8210 | Orc:1    | Identified a +0 giant spiked club
  8215 | Orc:1    | HP: 17/99 [ogre/+0 giant spiked club (12)]
  8217 | Orc:1    | Reached skill level 9 in Stealth
  8221 | Orc:1    | HP: 14/99 [troll (8)]
  8224 | Orc:1    | Reached skill level 8 in Dodging
  8304 | Orc:2    | Entered Level 2 of the Orcish Mines
  8323 | Orc:2    | Identified a +0 hand axe
  8323 | Orc:2    | Identified a +0 flail
  8324 | Orc:2    | Identified a +0 ring mail
  8324 | Orc:2    | Identified a +0 halberd
  8324 | Orc:2    | Identified a +0 chain mail
  8324 | Orc:2    | Identified a +0 ring mail
  8341 | Orc:2    | Identified a +0 hand axe
  8342 | Orc:2    | Identified a +0 mace
  8351 | Orc:2    | Identified a +0 halberd
  8351 | Orc:2    | Identified a cursed +0 chain mail
  8356 | Orc:2    | Identified a cursed +0 trident
  8356 | Orc:2    | Identified a +0 leather armour
  8428 | Orc:2    | Identified a cursed +0 leather armour
  8433 | Orc:2    | Identified a +0 short sword
  8433 | Orc:2    | Identified a +0 plate armour
  8441 | Orc:2    | Reached skill level 7 in Evocations
  8442 | Orc:2    | Identified a +0 mace
  8508 | Orc:2    | Identified a +0 mace
  8508 | Orc:2    | Identified a +0 leather armour
  8519 | Orc:2    | HP: 16/99 [orc priest/divine providence (12)]
  8526 | Orc:2    | Identified a +0 short sword
  8526 | Orc:2    | Identified a +0 chain mail
  8530 | Orc:2    | Identified a +0 dagger
  8531 | Orc:2    | Identified a +0 dagger
  8531 | Orc:2    | Identified a +0 robe
  8531 | Orc:2    | Identified a +0 dagger
  8531 | Orc:2    | Identified a +0 chain mail
  8531 | Orc:2    | Identified a +0 flail
  8531 | Orc:2    | Identified a +0 leather armour
  8551 | Orc:2    | Identified a +0 mace
  9023 | Orc:2    | Identified a +0 giant club
  9029 | Orc:2    | Identified a cursed -1 dagger
  9029 | Orc:2    | Identified a +0 robe
  9047 | Orc:2    | Identified a +0 leather armour
  9089 | Orc:2    | Identified a cursed -3 dagger
  9089 | Orc:2    | Identified a +0 chain mail
  9090 | Orc:2    | Identified a +0 hand axe
  9090 | Orc:2    | Identified a +0 plate armour
  9095 | Orc:2    | Identified a +0 club
  9171 | Orc:2    | Identified a +1 broad axe of venom
  9171 | Orc:2    | Identified a +0 plate armour
  9171 | Orc:2    | Identified a +0 kite shield of reflection
  9171 | Orc:2    | Noticed Donald
  9178 | Orc:2    | Identified a +0 giant spiked club
  9179 | Orc:2    | Identified a +0 flail
  9184 | Orc:2    | Identified a +0 dagger
  9184 | Orc:2    | Identified a +0 robe
  9187 | Orc:2    | Identified a +0 dagger
  9187 | Orc:2    | Identified a +0 robe
  9189 | Orc:2    | HP: 29/148 [Donald/+1 broad axe of venom (22)]
  9190 | Orc:2    | HP: 3/148 [Donald/+1 broad axe of venom (24)]
  9191 | Orc:2    | Demolished by Donald

Table legend:
 A = Turns spent in this place as a percentage of turns spent in the entire game.
 B = Non-inter-level travel turns spent in this place as a percentage of non-inter-level travel turns spent in the entire game.
 C = Inter-level travel turns spent in this place as a percentage of turns spent in this place.
 D = Turns resting spent in this place as a percentage of non-inter-level travel turns spent in this place.
 E = Turns spent auto-exploring this place as a percentage of non-inter-level travel turns spent in this place.
 F = Non-inter-level travel turns spent in this place divided by the number of levels of this place that you've seen.
                   A       B       C       D       E      F
               +-------+-------+-------+-------+-------+----------------------
         Total | 100.0 | 100.0 |   9.1 |   1.7 |  59.5 | 557.3
       Dungeon |  84.1 |  83.2 |  10.1 |   1.9 |  63.9 | 772.4
        Temple |   0.9 |   0.6 |  47.1 |   0.0 |  78.3 |  46.0
  Orcish Mines |   6.9 |   7.5 |   1.4 |   0.0 |  55.9 | 313.0
         Abyss |   2.6 |   2.9 |   0.0 |   0.0 |   0.0 | 120.5
       Ossuary |   5.4 |   5.9 |   0.0 |   3.4 |  29.4 | 494.0
               +-------+-------+-------+-------+-------+----------------------

Table legend:
 A = Kills in this place as a percentage of kills in entire the game.
 B = Kills by you in this place as a percentage of kills by you in the entire game.
 C = Kills by friends in this place as a percentage of kills by friends in the entire game.
 D = Other kills in this place as a percentage of other kills in the entire game.
 E = Experience gained in this place as a percentage of experience gained in the entire game.
 F = Experience gained in this place divided by the number of levels of this place that you have seen.
                   A       B       C       D       E      F
               +-------+-------+-------+-------+-------+----------------------
         Total | 100.0 | 100.0 | 100.0 |   N/A | 100.0 | 1253.0
       Dungeon |  81.0 |  80.6 | 100.0 |   N/A |  82.1 | 1714.7
  Orcish Mines |  10.5 |  10.7 |   0.0 |   N/A |  14.2 | 1332.0
         Abyss |   0.3 |   0.3 |   0.0 |   N/A |   0.2 |  22.5
       Ossuary |   8.2 |   8.4 |   0.0 |   N/A |   3.5 | 654.0
               +-------+-------+-------+-------+-------+----------------------

Skill      XL: |  1  2  3  4  5  6  7  8  9 10 11 |
---------------+----------------------------------+-----
Armour         | 1 2 3 4 5 6 7 |  7.3
Stealth        | 3 4 5 6 7 8 9 |  9.1
Fighting       | 3 4 5 6 |  6.7
Axes           | 4 5 6 8 9 10 | 10.9
Dodging        | 4 5 6 7 8 |  8.0
Invocations    | 3 6 8 9 |  9.9
Evocations     | 5 7 |  7.1
Slings         | |  0.9

Action                   |  1- 3 |  4- 6 |  7- 9 | 10-12 || total
-------------------------+-------+-------+-------+-------++-------
Melee: Hand axe          |   121 |     8 |       |       ||   129
       War axe           |       |   115 |   461 |   458 ||  1034
       Whip              |       |       |    27 |       ||    27
 Fire: Hunting sling     |       |       |       |    32 ||    32
Throw: Dart              |    12 |     3 |    29 |    63 ||   107
       Boomerang         |       |       |    53 |    42 ||    95
       Javelin           |       |       |       |     4 ||     4
Invok: Lesser Servant of |       |       |     1 |     1 ||     2
 Abil: Heal Wounds       |     1 |     6 |    21 |    13 ||    41
       Evoke Invisibilit |       |       |       |     2 ||     2
Evoke: Wand              |       |       |     6 |     5 ||    11
  Use: Scroll            |       |     1 |    10 |     6 ||    17
       Potion            |       |       |     3 |     3 ||     6
 Stab: Sleeping          |     4 |       |     4 |       ||     8
       Paralysed         |       |       |     5 |     9 ||    14
       Invisible         |       |       |     2 |     4 ||     6
       Distracted        |       |       |       |     1 ||     1
  Eat: Ration            |       |     1 |       |     3 ||     4
       Chunk             |       |       |    12 |    10 ||    22
Armor: Robe              |    26 |       |       |       ||    26
       Leather armour    |       |    14 |    27 |       ||    41
       Plate armour      |       |       |   174 |   366 ||   540
Dodge: Dodged            |   101 |    69 |   253 |   247 ||   670

Vanquished Creatures
  A centaur warrior (D:10)
  An orc knight (D:9)
  A manticore (D:10)
  An orc sorcerer (Orc:1)
  A cyclops (D:10)
  An ugly thing (D:10)
  Joseph (D:7)
  A gargoyle (D:10)
  3 trolls
  A hippogriff (D:10)
  A spriggan (D:7)
  A wraith (D:10)
  A wyvern (D:10)
  A shadow (D:10)
  4 yaks (D:10)
  A hungry ghost (D:10)
  4 vampire mosquitoes (D:8)
  A warg (D:9)
  A water moccasin (D:9)
  12 orc warriors
  A black bear (D:5)
  3 sky beasts
  4 phantoms
  3 ice beasts
  7 ogres
  5 wolves (D:10)
  4 centaurs
  A crocodile (D:9)
  Blork the orc (D:4)
  2 bullfrogs
  2 big kobolds
  A wyvern skeleton (D:7)
  2 scorpions
  A water moccasin skeleton (D:10)
  5 wights (D:10)
  9 electric eels
  4 crimson imps
  5 bullfrog zombies
  A centaur zombie (Ossuary)
  5 hounds
  3 quasits
  A jelly (D:8)
  10 orc priests
  2 iguanas
  23 orc wizards
  7 worker ants
  A killer bee zombie (D:8)
  A hound zombie (Ossuary)
  17 mummies
  A hound skeleton (D:5)
  5 worker ant zombies
  13 adders
  3 shadow imps
  5 adder zombies
  4 adder skeletons
  A dart slug (D:1)
  7 leopard geckos
  71 orcs
  5 giant cockroaches
  4 hobgoblins (D:1)
  7 quokkas
  A ball python (D:4)
  9 bats (D:1)
  3 frilled lizards
  A jackal zombie (Ossuary)
  29 kobolds
  2 orc zombies (D:4)
  A quokka zombie (D:6)
  4 rats (D:1)
346 creatures vanquished.

Vanquished Creatures (collateral kills)
  A crimson imp (D:9)
  An orc priest (D:9)
  3 gnolls (D:9)
  2 orcs (D:9)
7 creatures vanquished.

Vanquished Creatures (others)
  7 plants
  5 starspawn tentacles (Abyss:1)
12 creatures vanquished.

Grand Total: 365 creatures vanquished
